 Dungeon Crawl Stone Soup version 0.29.0-4-gdea44cf6ec (webtiles) character file.

Game seed: 5113961697325058641

107 qw the Chopper (level 4, -4/26 HPs)
             Began as a Tengu Warper on Aug 28, 2022.
             Slain by a gnoll
             ... wielding a +0 spear
              (6 damage)
             ... on level 3 of the Dungeon.
             The game lasted 00:00:12 (3052 turns).

qw the Chopper (Tengu Warper)                       Turns: 3052, Time: 00:00:13

Health: -4/26      AC:  4    Str: 13    XL:     4   Next: 86%
Magic:  8/8        EV: 12    Int: 14    God:
Gold:   55         SH:  0    Dex: 13    Spells: 7/7 levels left

rFire   . . .      SeeInvis .   Y - +0 hand axe
rCold   . . .      Faith    .   (no shield)
rNeg    + . .      Spirit   .   b - +0 leather armour
rPois   .          Reflect  .   (helmet restricted)
rElec   .          Harm     .   d - +0 cloak
rCorr   .          Rampage  .   (no gloves)
Will    .....                   (boots unavailable)
Stlth   +.........              (no amulet)
HPRegen 0.08/turn               l - ring of positive energy
MPRegen 0.11/turn               (no ring)

@: no status effects
A: beak, talons 3
a: no special abilities


You were on level 3 of the Dungeon.
You visited 1 branch of the dungeon, and saw 3 of its levels.

You collected 55 gold pieces.


Innate Abilities, Weirdness & Mutations

You have a beak for a mouth.
You have claws for feet.


   Skills:
 - Level 2.0 Fighting
 + Level 5.4 Axes
 - Level 1.0 Throwing
 - Level 1.1 Armour
 - Level 2.1 Dodging
 - Level 2.0 Spellcasting
 - Level 2.4 Translocations


You had 7 spell levels left.
You didn't know any spells.
Your spell library contained the following spells:

 Spells                   Type           Power      Damage    Failure   Level
 Blink                    Tloc           16%        N/A       17%         2
 Gell's Gravitas          Tloc           8%         N/A       34%         3
 Lesser Beckoning         Tloc           8%         N/A       34%         3
 Teleport Other           Tloc           8%         N/A       34%         3
 Manifold Assault         Tloc           8%         N/A       97%         5

Inventory:

Hand Weapons
 c - the +3 whip of Fixation {vorpal, rN+ rCorr}
   (You found it on level 3 of the Dungeon)

   It inflicts extra damage upon your enemies.
   rN:        It protects you from negative energy.
   rCorr:     It protects you from acid and corrosion.
 Y - a +0 hand axe (weapon)
Armour
 b - a +0 leather armour (worn)
 d - a +0 cloak (worn)
Jewellery
 a - a ring of protection from cold
 l - a ring of positive energy (left hand)
Potions
 h - a potion of resistance {unknown}
 j - a potion of ambrosia {unknown}
 m - a potion of brilliance {unknown}

Dungeon Overview and Level Annotations

Branches:
Dungeon (3/15)

Altars:
Trog


Message History

A kobold comes into view. It is wielding a +0 short sword.
The kobold throws a stone.
The stone closely misses you.
The kobold throws a stone.
The stone hits you but does no damage.
The kobold throws a stone.
The stone hits you but does no damage.
The kobold throws a stone.
The stone barely misses you.
You barely miss the kobold. The kobold hits you but does no damage.
You hit the kobold but do no damage. You claw the kobold.
You kill the kobold!
Things that are here:
a +0 short sword; 5 stones; a kobold corpse 2 gnolls come into view.
Found 2 gold pieces.
The gnoll shouts!
You hear a shout! x2
3042 ||| Stepping ~*~*~tactically~*~*~ (hiding).
You start waiting.
A gnoll is nearby!
You closely miss the gnoll. You claw the gnoll. You punch the gnoll.
The gnoll is heavily wounded.
The gnoll misses you.
The gnoll hits you from afar with a +0 spear.
You hit the gnoll but do no damage. You claw the gnoll!
You kill the gnoll!
The gnoll hits you from afar with a +0 spear. 2 gnolls come into view.
The gnoll shouts!
The gnoll closely misses you.
Things that are here:
a +0 flail; a gnoll corpse The gnoll shouts!
You hit the gnoll but do no damage. You peck the gnoll, but do no damage.
The gnoll hits you with a +0 spear. The gnoll closely misses you.
You hit the gnoll.
The gnoll is lightly wounded.
The gnoll hits you from afar with a +0 halberd.
The gnoll hits you with a +0 spear.
You hit the gnoll. Your peck misses the gnoll.
The gnoll is heavily wounded.
The gnoll barely misses you. The gnoll hits you with a +0 spear.
You die...

####..>#.#.#.#.# #.
###...#.#.#.# #.
#..<#.#.#.# #$
#...#.#.#<# #.
#...#.#)#.# #g
#.....#.... #g
#.%########
#g#######.)........
#.@.....)..########
############


You could see 3 gnolls.

Vanquished Creatures
  Natasha (D:2)
  A gnoll (D:3)
  3 adders
  A worm (D:2)
  A dart slug (D:1)
  5 ball pythons
  A bat (D:2)
  An endoplasm (D:2)
  3 goblins
  6 hobgoblins
  6 jackals
  A quokka (D:2)
  A frilled lizard (D:1)
  6 kobolds
  2 rats (D:2)
39 creatures vanquished.

Notes
Turn   | Place    | Note
-------+----------+-------------------------------------------
     0 | D:1      | qw the Tengu Warper began the quest for the Orb.
     0 | D:1      | Reached XP level 1. HP: 12/12 MP: 4/4
     0 | D:1      | 0 ||| qw: Version: 0.1-a-89-g26bdef1
     0 | D:1      | 0 ||| qw: Game counter: 127
     0 | D:1      | 0 ||| qw: Always use a shield: true
     0 | D:1      | 0 ||| qw: God list: Okawaru
     0 | D:1      | 0 ||| qw: Allow faded altars: false
     0 | D:1      | 0 ||| qw: Do Orc after D:15 true
     0 | D:1      | 0 ||| qw: Do second Lair branch before Depths: true
     0 | D:1      | 0 ||| qw: Lair rune preference: random
     0 | D:1      | 0 ||| qw: Plans: Normal
     0 | D:1      | 0 ||| PLANNING D:1-11
   372 | D:1      | Reached XP level 2. HP: 17/17 MP: 6/6
   464 | D:1      | Reached skill level 3 in Axes
   665 | D:1      | Found a faded altar of an unknown god.
   838 | D:1      | 838 ||| Stepping ~*~*~tactically~*~*~ (hiding).
   940 | D:1      | 940 ||| Stepping ~*~*~tactically~*~*~ (hiding).
  1042 | D:1      | 1042 ||| Stepping ~*~*~tactically~*~*~ (hiding).
  1439 | D:1      | 1439 ||| UPGRADING to +0 cloak.
  1444 | D:1      | 1444 ||| UPGRADING to ring of positive energy.
  1445 | D:1      | 1445 ||| READING scroll labelled SOUFEAGGAH.
  1450 | D:1      | 1450 ||| READING scroll labelled LYCASMA IMUN.
  1451 | D:1      | 1451 ||| READING scroll labelled RUTUYT PAFY.
  1452 | D:1      | 1452 ||| READING scroll labelled UBBIDI JEDE.
  1453 | D:1      | 1453 ||| DROPPING scroll of blinking.
  1631 | D:2      | 1631 ||| Stepping ~*~*~tactically~*~*~ (stealth).
  1643 | D:2      | Reached XP level 3. HP: 15/21 MP: 7/7
  1692 | D:2      | 1692 ||| FLEEEEING.
  1693 | D:2      | 1693 ||| FLEEEEING.
  1701 | D:2      | Reached skill level 4 in Axes
  1970 | D:2      | Noticed Natasha
  1981 | D:2      | Killed Natasha
  1982 | D:2      | Reached XP level 4. HP: 8/26 MP: 8/8
  2208 | D:2      | 2208 ||| Stepping ~*~*~tactically~*~*~ (stealth).
  2209 | D:2      | 2209 ||| Stepping ~*~*~tactically~*~*~ (stealth).
  2210 | D:2      | 2210 ||| Stepping ~*~*~tactically~*~*~ (stealth).
  2212 | D:2      | 2212 ||| Stepping ~*~*~tactically~*~*~ (stealth).
  2217 | D:2      | Found a bloodstained altar of Trog.
  2428 | D:2      | 2428 ||| FLEEEEING.
  2429 | D:2      | 2429 ||| FLEEEEING.
  2430 | D:2      | 2430 ||| FLEEEEING.
  2431 | D:2      | 2431 ||| FLEEEEING.
  2435 | D:2      | 2435 ||| FLEEEEING.
  2436 | D:2      | 2436 ||| FLEEEEING.
  2440 | D:2      | 2440 ||| FLEEEEING.
  2441 | D:2      | 2441 ||| FLEEEEING.
  2442 | D:2      | 2442 ||| FLEEEEING.
  2443 | D:2      | 2443 ||| FLEEEEING.
  2448 | D:2      | 2448 ||| FLEEEEING.
  2449 | D:2      | 2449 ||| FLEEEEING.
  2450 | D:2      | 2450 ||| FLEEEEING.
  2451 | D:2      | 2451 ||| FLEEEEING.
  2452 | D:2      | 2452 ||| FLEEEEING.
  2955 | D:3      | Identified the +3 whip of Fixation {vorpal, rN+ rCorr}
  2957 | D:3      | 2957 ||| DROPPING +0 club.
  2976 | D:3      | Reached skill level 5 in Axes
  3042 | D:3      | 3042 ||| Stepping ~*~*~tactically~*~*~ (hiding).
  3051 | D:3      | HP: 5/26 [gnoll/+0 halberd (5)]
  3051 | D:3      | HP: 1/26 [gnoll/+0 spear (4)]
  3052 | D:3      | Slain by a gnoll

Levels and vault maps discovered:
D:1:      heliophobic_arrival_dark_side_of_the_moon, layout_basic,
          chequers_ecumenical_altar_simple_redux
D:2:      layout_loops_corners, basic_altar, uniq_natasha
D:3:      layout_basic, gammafunk_ghost_mausoleum

Skill      XL: |  1  2  3  4 |
---------------+-------------+-----
Axes           | 3 4 5 |  5.4
Fighting       | |  2.0
Throwing       | |  1.0
Armour         | |  1.1
Dodging        | |  2.1
Spellcasting   | |  2.0
Translocations | |  2.4

Action                   |  1- 3 |  4- 6 || total
-------------------------+-------+-------++-------
Melee: Hand axe          |    57 |    59 ||   116
       Peck              |    10 |     6 ||    16
       Kick              |    11 |    22 ||    33
       Punch             |     1 |     2 ||     3
Throw: Boomerang         |     7 |       ||     7
  Use: Scroll            |     4 |       ||     4
Armor: Leather armour    |    10 |    10 ||    20
Dodge: Dodged            |    25 |    36 ||    61

Table legend:
 A = Non-vault XP
 B = Vault XP
 C = Vault XP percentage of total XP
 D = Non-vault monster count
 E = Vault monster count
 F = Vault count percentage of total count
                 A         B        C        D         E       F
            +---------+---------+-------+---------+---------+-------
      Total |     119 |      35 |  22.7 |      38 |       1 |   2.6
            +---------+---------+-------+---------+---------+-------
        D:1 |      22 |       0 |   0.0 |      11 |       0 |   0.0
        D:2 |      56 |      35 |  38.5 |      18 |       1 |   5.3
        D:3 |      41 |       0 |   0.0 |       9 |       0 |   0.0
            +---------+---------+-------+---------+---------+-------
